 Dungeon Crawl Stone Soup version 0.17-a0-1572-g7a1422d (webtiles) character file.

864 karlkraus the Shield-Bearer (level 7, -7/61 HPs)
             Began as a Minotaur Fighter on July 24, 2015.
             Mangled by an orc warrior
             ... wielding a +0 great sword
              (13 damage)
             ... on level 5 of the Dungeon.
             The game lasted 00:12:27 (4088 turns).

karlkraus the Shield-Bearer (Minotaur Fighter)      Turns: 4088, Time: 00:12:27

Health: -7/61      AC: 10    Str: 22    XL:     7   Next: 72%
Magic:  6/6        EV:  2    Int:  5    God:
Gold:   232        SH: 10    Dex: 10    Spells: 0 memorised, 6 levels left

rFire  . . .     SeeInvis .     q - +0 mace
rCold  . . .     Clarity  .     n - +0 chain mail
rNeg   . . .     SustAt   +     c - +0 shield
rPois  .         Gourm    .     (helmet restricted)
rElec  .         Spirit   .     (no cloak)
rCorr  .         Warding  .     (no gloves)
rMut   .         Stasis   .     (no boots)
MR     .....                    (no amulet)
Stlth  ..........               r - ring of wizardry
                                l - ring of sustain attributes

@: not resistant to hostile enchantments, extremely unstealthy
A: retaliatory headbutt, horns 2
a: no special abilities


You were on level 5 of the Dungeon.
You were not hungry.

You visited 1 branch of the dungeon, and saw 5 of its levels.

You collected 232 gold pieces.

Inventory:

Hand weapons
 m - a +0 flail
 q - a +0 mace (weapon)
 s - a +0 morningstar
Armour
 c - a +0 shield (worn)
 n - a +0 chain mail (worn)
 x - a +3 leather armour
Jewellery
 l - a ring of sustain attributes (left hand)
 r - a ring of wizardry (right hand)
Scrolls
 b - a scroll of identify {unknown}
 h - a scroll of teleportation {unknown}
Potions
 a - a potion of heal wounds {unknown}
 f - a potion of resistance {unknown}
 g - 2 potions of curing {unknown}
 i - 2 potions of lignification {unknown}
 j - 2 potions of agility {unknown}
 k - 2 potions of flight {unknown}
 o - a potion of degeneration {unknown}
 t - a potion of haste {unknown}
Comestibles
 d - 2 chunks of flesh
 e - 4 bread rations
 p - 2 beef jerkies
 u - a royal jelly
 v - 8 fruits


   Skills:
 + Level 5.5 Fighting
 + Level 5.5 Maces & Flails
 + Level 6.0 Armour
 + Level 2.6 Dodging
 + Level 0.5 Stealth
 + Level 6.6 Shields


You had 6 spell levels left.
You didn't know any spells.

Dungeon Overview and Level Annotations

Branches:
Dungeon (5/15)
 Temple: D:4-7

Altars:
Vehumet


Innate Abilities, Weirdness & Mutations

You reflexively headbutt those who attack you in melee.
You have a pair of horns on your head.


Message History

The deep elf fighter hits you but does no damage.
You block the hobgoblin's attack. You block the gnoll sergeant's attack.
The gnoll sergeant hits you from afar with a trident.
* * * LOW HITPOINT WARNING * * *
The deep elf fighter mumbles some strange words.
The deep elf fighter seems to speed up.
The gnoll sergeant hits you from afar with a trident.
* * * LOW HITPOINT WARNING * * *
You block the deep elf fighter's attack.
Found a stone staircase leading up.
The deep elf fighter points at you and mumbles some strange words.
The magic dart hits you!
* * * LOW HITPOINT WARNING * * *
The deep elf fighter mumbles some strange words.
The deep elf fighter blinks!
The deep elf fighter casts a spell.
The deep elf fighter blinks!
There is a stone staircase leading up here.
The orc warrior hits you with a great sword!
You die...

#..###..).##.##..##
#..# #)...†..(...#
#..# #.#.§####...##
#..###..............
#...####ga..........
#.#.# #.e####.#.a.#
#.#.# #gg# # ..
#.#.# #$o# .
#.#.####.@#
#......#..#
###.##.##.#
#.##.##.# #.##.##.<
#.##.##.# #....##.#
####.##.# #.#


You could see an orc warrior, a deep elf fighter, 2 gnoll sergeants, a worker
ant and a hobgoblin.

Vanquished Creatures
  Grinder (D:5)
  4 orc wizards
  An iguana (D:3)
  2 hounds
  3 orc priests
  A centaur skeleton (D:4)
  4 worker ants
  9 adders
  A shadow imp (D:5)
  An ooze (D:1)
  An adder zombie (D:5)
  An adder skeleton (D:4)
  2 worms
  4 giant geckos
  25 orcs
  A ball python (D:1)
  11 bats
  3 giant cockroaches (D:3)
  6 goblins
  14 hobgoblins
  9 jackals
  10 kobolds
  3 quokkas
  A giant gecko zombie (D:5)
  3 giant newts
  A quokka skeleton (D:3)
  10 rats
132 creatures vanquished.

Notes
Turn   | Place    | Note
--------------------------------------------------------------
     0 | D:1      | karlkraus the Minotaur Fighter began the quest for the Orb.
     0 | D:1      | Reached XP level 1. HP: 19/19 MP: 0/0
    52 | D:1      | Reached XP level 2. HP: 24/27 MP: 1/1
   203 | D:1      | Reached skill level 4 in Shields
   605 | D:2      | Found a radiant altar of Vehumet.
   678 | D:2      | Reached XP level 3. HP: 33/33 MP: 2/2
  1179 | D:2      | Reached XP level 4. HP: 31/41 MP: 3/3
  1518 | D:3      | Reached skill level 1 in Dodging
  1532 | D:3      | HP: 1/41 [iguana (6)]
  1852 | D:3      | Reached XP level 5. HP: 38/47 MP: 4/4
  2394 | D:3      | Reached skill level 5 in Shields
  2657 | D:4      | Reached skill level 5 in Fighting
  2703 | D:4      | Reached XP level 6. HP: 40/56 MP: 5/5
  2962 | D:4      | Reached skill level 5 in Armour
  3212 | D:4      | Reached skill level 6 in Shields
  3536 | D:4      | Reached XP level 7. HP: 51/61 MP: 6/6
  3621 | D:5      | Entered Level 5 of the Dungeon
  3650 | D:5      | Noticed Grinder
  3691 | D:5      | Reached skill level 5 in Maces & Flails
  3959 | D:5      | Paralysed by Grinder for 7 turns
  3972 | D:5      | Paralysed by Grinder for 6 turns
  3981 | D:5      | Killed Grinder
  4072 | D:5      | Noticed a deep elf fighter
  4088 | D:5      | Mangled by an orc warrior

Vault maps used:
D:1:      dpeg_arrival_round_c
D:2:      vehumet_crystals, first_bread
D:3:      kennysheep_generic_room_3
D:4:      minmay_door_path
D:5:      nicolae_tso_swordbearing_angel, sword_in_stone, uniq_grinder

Action                   |  1- 3 |  4- 6 |  7- 9 || total
-------------------------+-------+-------+-------++-------
Melee: Flail             |   112 |     4 |       ||   116
       Mace              |       |   252 |    59 ||   311
  Use: Scroll            |       |     3 |       ||     3
       Potion            |       |       |     1 ||     1
  Eat: Chunk             |       |     9 |     2 ||    11
